 Dungeon Crawl Stone Soup version 0.30-a0-368-g86fb4627a9 (webtiles) character file.

Game seed: 13135809763385325695

3698 mopl the Martial Artist (level 10, -13/78 HPs)
             Began as a Djinni Transmuter on Nov 18, 2022.
             Was a Priest of Okawaru.
             Killed by divine providence
             ... invoked by a meliai
              (16 damage)
             ... on level 8 of the Dungeon.
             The game lasted 00:15:32 (7951 turns).

mopl the Martial Artist (Djinni Transmuter)         Turns: 7951, Time: 00:15:34

Health: -13/78     AC:  7    Str: 13    XL:     10   Next: 35%
Gold:   5          EV: 11    Int: 14    God:    Okawaru [***...] SH:  0 Dex: 15

rFire   x . .      SeeInvis .      - Unarmed
rCold   + + +      Faith    .    (shield currently unavailable)
rNeg    . . .      Spirit   .    (body armour currently unavailable)
rPois   ∞          Reflect  .    (helmet currently unavailable)
rElec   .          Harm     .    (cloak currently unavailable)
rCorr   .          Rampage  .    (gloves currently unavailable)
Will    +....                    (boots unavailable)
Stlth   +.........               (no amulet)
HPRegen 0.33/turn                n - ring of protection from cold
MPRegen 0.00/turn                (no ring)

@: ice-form, flying
A: freezing attack, flying, boosted hp, sickness immunity, large, (fire
resistance 2), (cold vulnerability 1), float, innate caster, HP casting, extra
vitality 1
a: End Transformation, Renounce Religion, Heroism


You were on level 8 of the Dungeon.
You worshipped Okawaru.
Okawaru was most pleased with you.
You were a creature of crystalline ice.
You visited 2 branches of the dungeon, and saw 10 of its levels.
You also visited: Ossuary.

You collected 420 gold pieces.
You spent 415 gold pieces at shops.

Inventory:

Hand Weapons
 s - a +0 dagger of electrocution
Missiles
 d - 45 poisoned darts
 k - 2 atropa-tipped darts
 u - 6 boomerangs
 w - 2 silver boomerangs
 C - 12 boomerangs of dispersal
 H - 2 throwing nets
Armour
 a - a +0 robe (melded)
 G - a +0 cloak (melded)
Magical Staves
 J - a staff of poison
 K - a staff of air
Jewellery
 n - a ring of protection from cold (left front paw)
Wands
 j - a wand of paralysis (10)
 o - a wand of flame (47)
 D - a wand of polymorph (6)
 E - a wand of iceblast (5)
 F - a wand of acid (4)
Scrolls
 i - 6 scrolls of blinking {unknown}
 l - 6 scrolls of teleportation
 p - 8 scrolls of poison
 x - a scroll of immolation {unknown}
 y - a scroll of silence {unknown}
 z - 2 scrolls of magic mapping {unknown}
 A - a scroll of vulnerability {unknown}
 B - 4 scrolls of enchant armour {unknown}
 I - a scroll of enchant weapon {unknown}
Potions
 b - 4 potions of lignification {!q}
 c - 2 potions of mutation {!q}
 e - 3 potions of heal wounds
 f - 7 potions of curing
 g - 4 potions of might
 h - 2 potions of cancellation
 m - 2 potions of haste
 q - 5 potions of brilliance
 r - 3 potions of ambrosia
 t - a potion of resistance
 v - a potion of invisibility


   Skills:
 + Level 2.5 Fighting
 + Level 1.2 Throwing
 + Level 3.5 Dodging
 * Level 10.5 Unarmed Combat
 + Level 5.6 Spellcasting
 + Level 5.0 Invocations
 + Level 2.1 Evocations


You had 2 spell levels left.
You knew the following spells:

 Your Spells              Type           Power      Damage    Failure   Level
a - Beastly Appendage     Tmut           38%        N/A       1%          1
b - Spider Form           Tmut/Pois      19%        N/A       4%          3
c - Slow                  Hex            76%        N/A       1%          1
d - Ice Form              Ice/Tmut       19%        N/A       16%         4
e - Blink                 Tloc           38%        N/A       2%          2
f - Searing Ray           Conj           38%        2d5       2%          2
g - Confusing Touch       Hex            19%        N/A       4%          3
w - Wereblood             Tmut           19%        N/A       2%          2
Your spell library was empty.

Dungeon Overview and Level Annotations

Branches:
Dungeon (9/15)             Temple (1/1) D:5             Orc (0/2) D:9
Ossuary (visited)
   Lair: D:8-11

Altars:
Ashenzari
Cheibriados
Dithmenos
Elyvilon
Fedhas
Gozag
Hepliaklqana
Makhleb
Nemelex Xobeh
Okawaru
Qazlal
Ru
Trog
Uskayaw
Wu Jian
Xom
Yredelemnul
Zin
The Shining One

Shops:
D:6 *   D:7 *

Annotations:
D:5 2 transporters, Peppero's ghost, novice DjCj
D:8 3 runed translucent doors


Innate Abilities, Weirdness & Mutations

You are a creature of crystalline ice.
You have a powerful freezing melee attack.
You are flying.
Your maximum health is increased.
Your armour is entirely melded.
You are incapable of wielding weapons or throwing items.
You are immune to sickness and miasma.
You are immune to poison.
((Your flesh is very heat resistant. (rF++)))
((You are vulnerable to cold. (rC-)))
You float through the air rather than walking.
You learn spells naturally, not from books.
Your magical power is your life essence.
You have superior vitality. (+4 MHP)


Message History

The orc warrior looks as sick as possible!
The orc warrior is almost dead.
You kill the orc warrior!
Okawaru accepts your kill.
No target in view!
Your transformation has ended.
Your +0 cloak unmelds from your body.
Your +0 robe unmelds from your body.
u - 6 boomerangs (gained 1)
Things that are here:
a +0 mace; a +0 chain mail; an orc corpse You start resting.
A meliai comes into view. It is wielding a +0 war axe.
The meliai buzzes angrily.
There is a stone staircase leading up here.
Casting: Spider Form (dangerous; 4% risk of failure)
Confirm with . or Enter, or press ? or * to list all spells.
You turn into a creature of crystalline ice.
Your +0 cloak melds into your body.
Your +0 robe melds into your body.
The meliai mumbles some strange prayers to its god against you.
Something smites you!
You completely miss the meliai. The meliai hits you with a +0 war axe!
The meliai stings you but does no damage.
The meliai mumbles some strange prayers to its god against you.
Something smites you!
You are too injured to fight recklessly!
You are too injured to fight recklessly!
You punch the meliai! You freeze the meliai.
The meliai is almost dead.
The meliai hits you with a +0 war axe!
* * * LOW HITPOINT WARNING * * *
The meliai stings you!
* * * LOW HITPOINT WARNING * * *
You barely miss the meliai.
The meliai is almost dead.
The meliai invokes the aid of its god against you.
Something smites you!
* * * LOW HITPOINT WARNING * * *
The meliai calls down the wrath of its god upon you.
Something smites you!
You die...

#. #.#.# #.
#.#.#
#.#####.#.#
#..>......#
#..####.###
#.##)....#.#
#..........#
#####y##.###
#Y##.#
#)##.##
#÷#...#
#..#.#.#
#.........
##.#.#.###
##......
#.##### ###


You could see a meliai.

Vanquished Creatures
  Sigmund (D:5)
  A wyvern (D:8)
  An acid dragon (D:9)
  An ice beast (D:7)
  3 orc warriors
  A black bear (D:6)
  A sky beast (D:7)
  5 ogres
  2 centaurs
  A kobold brigand (D:7)
  3 bullfrogs
  A necrophage (D:5)
  2 water moccasin zombies (Ossuary)
  2 scorpions (D:6)
  3 wights (D:9)
  4 howler monkeys
  An electric eel (D:6)
  2 jellies
  4 orc priests
  7 hounds
  2 gnoll boudas
  Terence (D:2)
  6 iguanas
  Natasha (thrice) (D:3)
  5 orc wizards
  Ijyb (D:5)
  2 mummies (Ossuary)
  A howler monkey zombie (D:9)
  8 adders
  11 gnolls
  A white imp (D:7)
  2 ufetubi
  5 adder zombies (Ossuary)
  A worm (D:4)
  30 orcs
  4 endoplasms
  6 giant cockroaches
  2 gnoll zombies (Ossuary)
  10 goblins
  7 hobgoblins
  9 jackals
  2 quokkas
  3 ball pythons
  6 bats
  A frilled lizard (D:3)
  5 hobgoblin zombies (Ossuary)
  17 kobolds
  5 kobold zombies (Ossuary)
  6 orc zombies (Ossuary)
  6 rats
214 creatures vanquished.

Vanquished Creatures (others)
  A fungus (D:8)
  8 plants
  2 withered plants (D:9)
11 creatures vanquished.

Grand Total: 225 creatures vanquished

Notes
Turn   | Place    | Note
-------+----------+-------------------------------------------
     0 | D:1      | mopl the Djinni Transmuter began the quest for the Orb.
     0 | D:1      | mopl set off with the following spells memorised: Beastly
                  | Appendage, Wereblood, Spider Form, Ice Form.
     0 | D:1      | Reached XP level 1. HP: 17/17 MP: 0/0
   109 | D:1      | Reached XP level 2. HP: 17/22 MP: 0/0
   526 | D:1      | Reached XP level 3. HP: 20/27 MP: 0/0
   526 | D:1      | Learned a level 1 spell: Slow
   595 | D:1      | Reached skill level 2 in Spellcasting
  1258 | D:2      | Reached skill level 4 in Unarmed Combat
  1286 | D:2      | Noticed Terence
  1320 | D:2      | Killed Terence
  1321 | D:2      | Reached XP level 4. HP: 22/32 MP: 0/0
  1503 | D:2      | Reached XP level 5. HP: 11/37 MP: 0/0
  1503 | D:2      | Learned a level 2 spell: Blink
  1830 | D:3      | Found a bloodstained altar of Trog.
  1855 | D:3      | Noticed Natasha
  1863 | D:3      | Killed Natasha
  1878 | D:3      | Reached skill level 5 in Unarmed Combat
  1989 | D:3      | Noticed Natasha
  2124 | D:3      | Killed Natasha
  2261 | D:3      | Noticed Natasha
  2269 | D:3      | Killed Natasha
  2392 | D:3      | Reached XP level 6. HP: 40/42 MP: 0/0
  3088 | D:4      | Reached skill level 3 in Spellcasting
  3100 | D:4      | Noticed a sky beast
  3308 | D:4      | Reached skill level 6 in Unarmed Combat
  3516 | D:5      | Entered Level 5 of the Dungeon
  3632 | D:5      | Noticed Sigmund
  3646 | D:5      | Killed Sigmund
  3647 | D:5      | Reached XP level 7. HP: 17/47 MP: 0/0
  3647 | D:5      | Learned a level 2 spell: Searing Ray
  3965 | D:5      | Reached skill level 7 in Unarmed Combat
  4060 | D:5      | Noticed Ijyb
  4076 | D:5      | Killed Ijyb
  4081 | D:5      | Reached XP level 8. HP: 44/52 MP: 0/0
  4136 | D:5      | Found a staircase to the Ecumenical Temple.
  4230 | Temple   | Entered the Ecumenical Temple
  4252 | Temple   | Became a worshipper of Warmaster Okawaru
  4448 | D:5      | Reached skill level 4 in Spellcasting
  4448 | D:5      | Reached skill level 1 in Invocations
  4506 | D:5      | Found a transporter.
  4509 | D:5      | Noticed Peppero's ghost (novice DjCj)
  4510 | D:5      | Found a transporter.
  4582 | D:6      | Reached skill level 8 in Unarmed Combat
  4599 | D:6      | Reached skill level 2 in Invocations
  4627 | D:6      | Reached * piety under Okawaru
  4775 | D:6      | You are sucked into a shaft and drop 3 floors!
  5052 | D:9      | Reached XP level 9. HP: 44/57 MP: 0/0
  5052 | D:9      | Learned a level 3 spell: Confusing Touch
  5056 | D:9      | Reached skill level 3 in Invocations
  5131 | D:9      | Found a staircase to the Orcish Mines.
  5152 | D:9      | Reached skill level 9 in Unarmed Combat
  5215 | D:9      | Reached ** piety under Okawaru
  5339 | D:9      | Reached skill level 5 in Spellcasting
  5386 | D:9      | Reached skill level 4 in Invocations
  5698 | D:8      | Found a runed translucent gate.
  5698 | D:8      | Found a runed translucent gate.
  5698 | D:8      | Noticed a kobold demonologist
  5699 | D:8      | Found a runed translucent gate.
  5718 | D:7      | Found a sand-covered staircase.
  5728 | Ossuary  | Entered an ossuary
  6061 | D:6      | Found Axzar's Assorted Antiques.
  6070 | D:6      | Bought a scroll labelled REGUNE UTON for 25 gold pieces
  6070 | D:6      | Bought a bone wand for 100 gold pieces
  6070 | D:6      | Bought a shiny iron wand for 100 gold pieces
  6070 | D:6      | Bought a short ivory wand for 100 gold pieces
  6466 | D:6      | Reached skill level 10 in Unarmed Combat
  7014 | D:7      | Reached skill level 1 in Evocations
  7028 | D:7      | Reached *** piety under Okawaru
  7029 | D:7      | Reached XP level 10. HP: 56/64 MP: 0/0
  7259 | D:7      | Reached skill level 2 in Fighting
  7259 | D:7      | Reached skill level 3 in Dodging
  7307 | D:7      | Found a broken altar of Ashenzari.
  7359 | D:7      | Found Detuloimn's General Store.
  7362 | D:7      | Bought a scroll of teleportation for 30 gold pieces
  7362 | D:7      | Bought a scroll of poison for 40 gold pieces
  7362 | D:7      | Bought a scroll of identify for 20 gold pieces
  7514 | D:7      | Found a sparkling altar of Nemelex Xobeh.
  7523 | D:7      | Found an opulent altar of Gozag.
  7652 | D:8      | Received a gift from Okawaru
  7654 | D:8      | Reached skill level 1 in Throwing
  7659 | D:8      | Reached skill level 2 in Evocations
  7673 | D:8      | Reached skill level 5 in Invocations
  7951 | D:8      | HP: 3/78 [meliai/divine providence (11)]
  7951 | D:8      | Killed from afar by a meliai

Illustrated notes

Levels and vault maps discovered:
D:1:      dpeg_arrival_morbid_curiosity, layout_basic
D:2:      layout_loops_cross, uniq_terence
D:3:      layout_loops_ring, mainiacjoe_overflow_chevrons, uniq_natasha
D:4:      layout_loops_ring
D:5:      layout_loops_ring, minmay_temple_entry_purple_smoke,
          gammafunk_ghost_smash, serial_bayou_pond_c, uniq_sigmund, uniq_ijyb
D:6:      layout_basic, serial_shops, shop, serial_bayou_ford_a,
          minmay_unpleasant_kobolds
D:7:      layout_rooms, minmay_overflow_temple_star_quad,
          mainiacjoe_overflow_concentric_impassable, serial_shops,
          kennysheep_mini_moat, chequers_ossuary_entry_cave, chequers_garden
D:8:      lemuel_castle_with_subvaults [lemuel_castle_interior_original],
          layout_loops_ring, gammafunk_ghost_nasty_kobolds
D:9:      layout_irregular_city, erik_orc_3, serial_undead, serial_undead_e,
          serial_undead_d, serial_undead_e, serial_undead_a,
          minmay_ruined_shrine
Temple:   minmay_temple_bridge_d

Skill      XL: |  1  2  3  4  5  6  7  8  9 10 |
---------------+-------------------------------+-----
Spellcasting   | 2 3 4 5 |  5.6
Unarmed Combat | 4 5 6 7 8 10 | 10.5
Invocations    | 2 4 5 |  5.0
Evocations     | 1 2 |  2.1
Fighting       | 2 |  2.5
Dodging        | 3 |  3.5
Throwing       | 1 |  1.2

Action                   |  1- 3 |  4- 6 |  7- 9 | 10-12 || total
-------------------------+-------+-------+-------+-------++-------
Melee: Unarmed           |   126 |   184 |   330 |    76 ||   716
       Headbutt          |     6 |    15 |     1 |       ||    22
       Punch             |     1 |     6 |     9 |     1 ||    17
 Cast: Beastly Appendage |    16 |    15 |     2 |       ||    33
       Spider Form       |     1 |    10 |    30 |    10 ||    51
       Ice Form          |       |       |     1 |     2 ||     3
 Abil: End Transformatio |       |       |     1 |       ||     1
Evoke: Wand              |       |       |     2 |       ||     2
  Use: Scroll            |       |       |     7 |     4 ||    11
       Potion            |       |       |     2 |       ||     2
 Stab: Sleeping          |     1 |       |     1 |       ||     2
Armor: Robe              |    31 |    19 |     6 |     2 ||    58
       Skin              |     1 |     1 |    14 |     5 ||    21
Dodge: Dodged            |    94 |   115 |   181 |    57 ||   447

Table legend: (Time is in decaauts)
 A = Elapsed time spent in this place.
 B = Non-inter-level travel time spent in this place.
 C = Inter-level travel time spent in this place.
 D = Time resting spent in this place.
 E = Time spent auto-exploring this place.
 F = Levels seen in this place.
 G = Mean time per level.
                   A        B        C        D        E       F      G
               +--------+--------+--------+--------+--------+-----+--------+
         Total |   7860 |   7583 |    277 |   1789 |   3734 |  11 |  714.5 |
       Dungeon |   7564 |   7307 |    257 |   1696 |   3715 |   9 |  840.4 |
        Temple |     41 |     22 |     19 |      0 |      8 |   1 |   41.0 |
       Ossuary |    254 |    254 |      0 |     93 |     11 |   1 |  254.0 |
               +--------+--------+--------+--------+--------+-----+--------+

Top non-repeatable levels by time:
     D:5: 1176 daAuts
     D:1: 968 daAuts
     D:6: 961 daAuts
     D:4: 928 daAuts
     D:9: 879 daAuts
     D:2: 822 daAuts
     D:3: 775 daAuts
     D:7: 732 daAuts
     D:8: 319 daAuts
 Ossuary: 254 daAuts
  Temple: 41 daAuts
